 Dungeon Crawl Stone Soup version 0.25.1-3-ge44b62a0b3 (webtiles) character file.

Game seed: 17316383645123037355

89641 BledDest the Brawler (level 15, -4/164 HPs)
             Began as a Troll Hunter on Nov 21, 2020.
             Was the Champion of Qazlal.
             Slain by a thrashing horror (8 damage)
             ... on level 2 of the Abyss.
             The game lasted 00:55:46 (18541 turns).

BledDest the Brawler (Troll Hunter)                Turns: 18541, Time: 00:55:46

Health: -4/164     AC: 13    Str: 27    XL:     15   Next: 49%
Magic:  21/21      EV: 16    Int:  8    God:    Qazlal [******]
Gold:   3342       SH:  8    Dex: 15    Spells: 14/14 levels left

rFire    + . .     SeeInvis .     - Unarmed
rCold    + . .     Gourm    +   (no shield)
rNeg     + . .     Faith    .   o - +0 troll leather armour {Purgy}
rPois    +         Spirit   .   y - +0 hat of Hepliaklqana's Favour {rPois rC+ Regen+ Stlth-}
rElec    .         Reflect  .   m - +1 cloak
rCorr    .         Harm     .   (gloves unavailable)
MR       +....                  (boots unavailable)
Stlth    ..........             D - amulet of Vitality {Regen+ HP+15}
HPRegen  1.97/turn              k - ring of protection from fire
MPRegen  0.17/turn              j - ring of Ecvuto {rPois rN+ Dex+4 Stlth-}

@: protected from physical damage, berserk cooldown, slowed, repel missiles,
very slow
A: large, unfitting armour, claws 3, fast metabolism 3, gourmand, regeneration
1, shaggy fur 1, tough skin 3
a: Upheaval, Elemental Force, Disaster Area, Renounce Religion


You were on level 2 of the Abyss.
You worshipped Qazlal.
Qazlal was exalted by your worship.
You were completely stuffed.

You visited 3 branches of the dungeon, and saw 22 of its levels.
You visited the Abyss 1 time.

You collected 3342 gold pieces.

Inventory:

Missiles
 c - 22 large rocks (quivered)
 d - a throwing net
 p - 27 poisoned darts
 M - 4 curare-tipped darts
 O - 6 javelins
Armour
 m - a +1 cloak (worn)
 o - a +0 troll leather armour (worn) {Purgy}
 y - the +0 hat of Hepliaklqana's Favour (worn) {rPois rC+ Regen+ Stlth-}
   (You found it on level 6 of the Dungeon)

   It protects you from cold.
   It protects you from poison.
   It increases your rate of regeneration.
   It makes you less stealthy.
 E - a +2 robe of magic resistance
Jewellery
 a - a +4 ring of protection
 j - the ring of Ecvuto (right claw) {rPois rN+ Dex+4 Stlth-}
   (You found it on level 5 of the Dungeon)

   [ring of attention]

   It affects your dexterity (+4).
   It protects you from poison.
   It protects you from negative energy.
   It makes you less stealthy.
 k - a ring of protection from fire (left claw)
 D - the amulet of Vitality (around neck) {Regen+ HP+15}
   (You found it on level 9 of the Dungeon)

   [amulet of regeneration]

   It affects your health (+15).
   It increases your rate of regeneration.
Wands
 B - a wand of digging (14)
 G - a wand of iceblast (18)
 K - a wand of clouds (6)
Scrolls
 e - a scroll of identify
 i - 2 scrolls of magic mapping
 A - 10 scrolls of teleportation
 Q - 4 scrolls of remove curse
 R - 2 scrolls of blinking
Potions
 b - a potion of berserk rage
 g - 4 potions of haste
 h - 2 potions of resistance
 r - 4 potions of might
 t - 5 potions of brilliance
 u - 4 potions of flight
 v - 4 potions of lignification
 w - 3 potions of cancellation
 z - 5 potions of curing
 C - a potion of ambrosia
 W - 3 potions of magic
Miscellaneous
 n - 2 phantom mirrors
 H - a box of beasts
Comestibles
 f - 44 rations
 l - a chunk of flesh


   Skills:
 + Level 10.2 Fighting
 - Level 10.0 Throwing
 + Level 2.1 Armour
 + Level 10.2 Dodging
 - Level 0.3 Stealth
 - Level 16.0 Unarmed Combat
 * Level 10.6 Invocations


You had 14 spell levels left.
You didn't know any spells.
Your spell library contained the following spells:

 Spells                   Type           Power        Failure   Level  Hunger
 Corona                   Hex            #......      43%         1    ##.....
 Shock                    Conj/Air       #...         43%         1    ##.....
 Sting                    Tmut/Pois      #...         43%         1    ##.....
 Summon Small Mammal      Summ           #...         43%         1    ##.....
 Call Imp                 Summ           #.......     58%         2    ###....
 Poisonous Vapours        Pois/Air       #.....       58%         2    ###....
 Slow                     Hex            #.......     58%         2    ###....
 Swiftness                Chrm/Air       #.......     58%         2    ###....
 Call Canine Familiar     Summ           #.......     82%         3    ####...
 Ignite Poison            Fire/Tmut/Pois #.......     82%         3    ####...
 Inner Flame              Hex/Fire       #.......     82%         3    ####...
 Mephitic Cloud           Conj/Pois/Air  #.......     82%         3    ####...
 Portal Projectile        Hex/Tloc       #.....       82%         3    ####...
 Static Discharge         Conj/Air       #.......     82%         3    ####...
 Summon Guardian Golem    Hex/Summ       #.......     82%         3    ####...
 Airstrike                Air            #.........   99%         4    #####..
 Cause Fear               Hex            #.........   99%         4    #####..
 Leda's Liquefaction      Hex/Erth       #.........   99%         4    #####..
 Olgreb's Toxic Radiance  Pois           #.......     99%         4    #####..
 Summon Ice Beast         Ice/Summ       #.......     99%         4    #####..
 Summon Lightning Spire   Summ/Air       #.......     99%         4    #####..
 Lightning Bolt           Conj/Air       #.........   100%        5    ######.


Dungeon Overview and Level Annotations

Branches:
Dungeon (15/15)            Temple (1/1) D:4            Lair (6/6) D:9
 Shoals (0/4) Lair:4       Spider (0/4) Lair:4        Slime (0/5) Lair:5
    Orc (0/2) D:11
 Vaults: D:13-14     Depths: D:15

Altars:
Ashenzari
Dithmenos
Fedhas
Gozag
Hepliaklqana
Kikubaaqudgha
Makhleb
Okawaru
Qazlal
Ru
Sif Muna
Trog
Uskayaw
Vehumet
Wu Jian
Xom
Yredelemnul
Zin
The Shining One
Jiyva

Shops:
D:6 [   D:12 %

Portals:
Hell: Lair:6

Annotations:
D:15 1 runed translucent door
Lair:4 3 runed translucent doors, kthxbai's ghost, journeyman SpEn


Innate Abilities, Weirdness & Mutations

You are too large for most types of armour.
You have claws for hands.
Your metabolism is lightning-fast.
You like to eat raw meat.
Your natural rate of healing is unusually fast.
You are covered in fur. (AC +1)
You have extremely tough skin. (AC +3)


Message History

The thrashing horror tramples you!
* * * LOW HITPOINT WARNING * * *
You hold your ground!
The thrashing horror tramples you.
* * * LOW HITPOINT WARNING * * *
You stumble backwards!
The thrashing horror tramples you!
* * * LOW HITPOINT WARNING * * *
Your resistance to fire fades away.
You feel protected from physical attacks.
You hold your ground!
The thrashing horror tramples you but does no damage.
You feel your anger nearly subside.
The thrashing horror roars!
You are no longer berserk.
You are exhausted.
You feel yourself slow down.
The thrashing horror is engulfed in freezing vapours.
You block the thrashing horror's attack.
The thrashing horror tramples you!
You die...

#... ..... ♣...
..... ..
.♣...###...###..
......#.....#...
♣♣..............
................
.......☼........
.. #@.○..# #
..###X○.## #....
#○3#.# ♣.#.#
#.X.## . ♣....
♣♣♣.♣ ...#.
♣♣♣R.♣3...#
.....♣.☼♣♣♣♣♣...#
#..♣°..♣♣ .... .
#§§§♣.. ...


You could see a sun demon, a thrashing horror, a large abomination and a smoke
demon.

Vanquished Creatures
  Jorgrun (D:12)
  A tentacled starspawn (Abyss:2)
  Gastronok (Lair:2)
  Frances (D:14)
  Agnes (D:14)
  6 starcursed masses (Abyss:2)
  The ghost of Oluanan the Fighter, a journeyman DsFi of Hepliaklqana (Lair:3)
  2 dire elephants (Lair:6)
  Josephine (D:11)
  An ice dragon (Lair:3)
  8 hydras
  A centaur warrior (D:15)
  A death knight (D:11)
  2 death yaks
  A tengu warrior (D:11)
  4 two-headed ogres
  Urug (D:10)
  A queen ant (Lair:2)
  Nergalle (D:11)
  A sun demon (Lair:6)
  Sonja (D:10)
  5 skeletal warriors (D:15)
  A spatial maelstrom (Abyss:2)
  2 unseen horrors
  A wizard (Lair:6)
  An orb spider (Lair:4)
  7 ugly things
  5 cyclopes
  2 manticores
  A worldbinder (Abyss:2)
  9 elephants
  5 black mambas
  2 gargoyles (D:12)
  2 orange demons (Lair:6)
  14 spiny frogs
  A torpor snail (Lair:6)
  9 rime drakes
  An ice devil (Lair:6)
  A hellwing (Lair:6)
  6 komodo dragons
  A merfolk (Lair:4)
  An ancient zyme (Abyss:2)
  2 red devils (Lair:6)
  3 hornets
  7 trolls
  6 polar bears
  4 raiju (Abyss:2)
  9 blink frogs
  9 slime creatures (D:12)
  7 dream sheep
  10 hippogriffs
  A shadow (D:13)
  Sigmund (D:5)
  4 wraiths
  A vampire (D:13)
  3 wyverns
  4 large abominations (Abyss:2)
  30 yaks
  A steam dragon (D:8)
  3 vampire mosquitoes (D:15)
  4 hungry ghosts
  10 soldier ants
  10 water moccasins
  Duvessa (D:4)
  5 hell hounds (Lair:6)
  An orc warrior (D:12)
  8 porcupines
  Purgy (D:3)
  3 ice beasts
  4 sky beasts
  An eye of draining (D:11)
  11 ogres
  4 black bears
  A black mamba simulacrum (Lair:3)
  4 phantoms
  10 centaurs
  36 wolves
  15 crocodiles
  14 bullfrogs
  Dowan (D:4)
  A wyvern skeleton (D:6)
  A spiny frog simulacrum (Lair:3)
  2 troll zombies (D:11)
  9 scorpions
  17 killer bees
  A rime drake simulacrum (Lair:3)
  8 wights
  2 howler monkeys
  An electric eel (Lair:4)
  A hippogriff simulacrum (Lair:3)
  2 centaur zombies
  7 crimson imps
  A wyvern simulacrum (Lair:3)
  7 hounds
  3 jellies
  2 komodo dragon simulacra (Lair:3)
  8 orc wizards
  2 quasits
  Crazy Yiuf (D:2)
  5 centaur skeletons
  6 orc priests
  Jessica (D:2)
  2 iguanas (D:9)
  34 worker ants
  A polar bear simulacrum (Lair:3)
  6 ogre zombies (D:11)
  A basilisk simulacrum (Lair:3)
  A hound skeleton (D:8)
  Robin (D:2)
  2 worker ant zombies
  10 adders
  13 gnolls
  5 shadow imps
  An adder skeleton (D:5)
  5 worms
  A dart slug (D:1)
  10 leopard geckos
  27 orcs
  2 ball pythons (D:3)
  4 bats
  5 giant cockroaches
  13 goblins
  10 hobgoblins
  10 jackals
  8 kobolds
  A quokka (D:9)
  4 frilled lizards
  2 goblin skeletons (D:11)
  3 goblin zombies (D:11)
  A hobgoblin skeleton (D:11)
  A hobgoblin zombie (D:11)
  A leopard gecko skeleton (D:8)
  6 orc skeletons (D:11)
  12 orc zombies (D:11)
  A quokka skeleton (D:8)
  2 quokka zombies
  6 rats
  2 fungi
666 creatures vanquished.

Vanquished Creatures (others)
  Erolcha (D:10)
  An orc wizard (D:4)
  45 fungi
  14 plants
  3 starspawn tentacles (Abyss:2)
64 creatures vanquished.

Grand Total: 730 creatures vanquished

Notes
Turn   | Place    | Note
-------+----------+-------------------------------------------
     0 | D:1      | BledDest the Troll Hunter began the quest for the Orb.
     0 | D:1      | Reached XP level 1. HP: 19/19 MP: 0/0
    54 | D:1      | Reached skill level 1 in Unarmed Combat
   297 | D:1      | Reached XP level 2. HP: 22/27 MP: 1/1
   494 | D:1      | Reached skill level 2 in Unarmed Combat
   826 | D:2      | Reached XP level 3. HP: 32/33 MP: 2/2
   841 | D:2      | Reached skill level 3 in Unarmed Combat
   973 | D:2      | Noticed Jessica
   978 | D:2      | Killed Jessica
   978 | D:2      | Reached XP level 4. HP: 28/41 MP: 3/3
  1123 | D:2      | Reached skill level 4 in Unarmed Combat
  1131 | D:2      | Noticed Robin
  1158 | D:2      | Killed Robin
  1283 | D:2      | Found a runed translucent door.
  1284 | D:2      | Noticed Crazy Yiuf
  1528 | D:2      | Killed Crazy Yiuf
  1528 | D:2      | Reached XP level 5. HP: 48/48 MP: 4/4
  1674 | D:3      | Noticed Purgy
  1693 | D:3      | Killed Purgy
  1693 | D:3      | Reached skill level 5 in Unarmed Combat
  1765 | D:3      | Reached skill level 6 in Unarmed Combat
  1765 | D:3      | Reached XP level 6. HP: 52/55 MP: 5/5
  2239 | D:4      | Reached skill level 7 in Unarmed Combat
  2341 | D:4      | Reached XP level 7. HP: 59/62 MP: 6/6
  2538 | D:4      | Noticed Dowan
  2540 | D:4      | Noticed Duvessa
  2560 | D:4      | Killed Duvessa
  2560 | D:4      | Reached skill level 8 in Unarmed Combat
  2568 | D:4      | Killed Dowan
  2756 | D:4      | Reached skill level 9 in Unarmed Combat
  2769 | D:4      | Reached XP level 8. HP: 67/70 MP: 7/7
  3125 | D:5      | Entered Level 5 of the Dungeon
  3275 | D:5      | Noticed Sigmund
  3306 | D:5      | Killed Sigmund
  3306 | D:5      | Reached skill level 10 in Unarmed Combat
  3442 | D:5      | Got a slimy bone ring
  3444 | D:5      | Identified the ring of Ecvuto {rPois rN+ Dex+4 Stlth-} (You
                  | found it on level 5 of the Dungeon)
  4067 | D:6      | Reached XP level 9. HP: 84/84 MP: 8/8
  4112 | D:6      | Found Alanunuu's Armour Boutique.
  4140 | D:6      | Got a dazzling hat
  4146 | D:6      | Identified the +0 hat of Hepliaklqana's Favour {rPois rC+
                  | Regen+ Stlth-} (You found it on level 6 of the Dungeon)
  4660 | D:7      | Reached skill level 5 in Fighting
  4687 | D:7      | Reached skill level 5 in Dodging
  4847 | D:7      | Noticed a two-headed ogre
  4885 | D:7      | Killed a two-headed ogre
  4954 | D:7      | Found a shadowy altar of Dithmenos.
  4959 | D:7      | Got a crude golden ring
  5249 | D:8      | Reached XP level 10. HP: 78/102 MP: 9/9
  5480 | D:8      | Found a glowing silver altar of Zin.
  5481 | D:8      | Noticed an angel
  6372 | D:9      | Found a shattered altar of Ashenzari.
  6495 | D:9      | Found the amulet of Vitality {Regen+ HP+15}
  6594 | D:9      | Reached skill level 10 in Fighting
  6721 | D:9      | Found a staircase to the Lair.
  7007 | D:9      | Identified the ring of Yhifeige {*Tele rPois Str+2 Stlth-}
                  | (You found it on level 7 of the Dungeon)
  7169 | D:10     | Entered Level 10 of the Dungeon
  7177 | D:10     | Found an ancient bone altar of Kikubaaqudgha.
  7192 | D:10     | Reached XP level 11. HP: 117/117 MP: 10/10
  7443 | D:10     | Reached skill level 5 in Throwing
  7530 | D:10     | Noticed Sonja
  7532 | D:10     | Killed Sonja
  7554 | D:10     | Killed an unseen horror
  7672 | D:10     | Noticed Erolcha
  7685 | D:10     | Killed Erolcha
  7844 | D:10     | Noticed Urug
  7855 | D:10     | Killed Urug
  8211 | D:4      | Found a staircase to the Ecumenical Temple.
  8274 | Temple   | Entered the Ecumenical Temple
  8282 | Temple   | Became a worshipper of Qazlal Stormbringer
  8430 | D:11     | Noticed a cyan ugly thing
  8437 | D:11     | Noticed a death knight
  8481 | D:11     | Killed a cyan ugly thing
  8487 | D:11     | Killed a death knight
  8495 | D:11     | Noticed a two-headed ogre
  8503 | D:11     | Killed a two-headed ogre
  8635 | D:11     | Found a staircase to the Orcish Mines.
  8650 | D:11     | Noticed Nergalle
  8679 | D:11     | Killed Nergalle
  8714 | D:11     | Reached * piety under Qazlal
  8842 | D:11     | You fall into a shaft and drop 1 floor!
  8902 | D:12     | Reached ** piety under Qazlal
  9051 | D:12     | Reached XP level 12. HP: 82/126 MP: 11/11
  9188 | D:12     | Noticed Jorgrun
  9219 | D:12     | Killed Jorgrun
  9266 | D:12     | Found Buziheh's Food Shoppe.
  9476 | D:11     | Noticed Josephine
  9488 | D:11     | Killed Josephine
  9826 | D:11     | Reached *** piety under Qazlal
  9947 | D:11     | Noticed a tengu warrior
  9977 | D:11     | Killed a tengu warrior
 10225 | Lair:1   | Entered Level 1 of the Lair of Beasts
 10439 | Lair:1   | Reached skill level 10 in Throwing
 10543 | Lair:1   | Reached skill level 10 in Dodging
 10622 | Lair:1   | Reached **** piety under Qazlal
 10630 | Lair:1   | Reached skill level 11 in Unarmed Combat
 10648 | Lair:1   | HP: 4/141 [wolf (5)]
 10703 | Lair:1   | Reached XP level 13. HP: 103/133 MP: 12/12
 11178 | Lair:2   | Noticed Gastronok
 11210 | Lair:2   | Killed Gastronok
 11210 | Lair:2   | Reached skill level 12 in Unarmed Combat
 11568 | Lair:2   | Reached ***** piety under Qazlal
 11583 | Lair:2   | Reached skill level 13 in Unarmed Combat
 12520 | Lair:3   | Noticed Oluanan's ghost (journeyman DsFi)
 12874 | Lair:3   | Found a runed translucent gate.
 12875 | Lair:3   | Found a runed translucent gate.
 12958 | Lair:3   | Found a runed translucent gate.
 13117 | Lair:3   | Killed Oluanan's ghost
 13117 | Lair:3   | Reached skill level 14 in Unarmed Combat
 13201 | Lair:3   | Got the ring of Iciak {Fire}
 13438 | Lair:4   | Found a runed translucent gate.
 13439 | Lair:4   | Found a runed translucent gate.
 13440 | Lair:4   | Found a runed translucent gate.
 13460 | Lair:4   | Reached skill level 15 in Unarmed Combat
 13460 | Lair:4   | Reached XP level 14. HP: 84/143 MP: 13/13
 13553 | Lair:4   | Reached skill level 1 in Invocations
 13675 | Lair:4   | Noticed kthxbai's ghost (journeyman SpEn)
 13816 | Lair:4   | Found a hole to the Spider Nest.
 14227 | Lair:4   | Found a staircase to the Shoals.
 14806 | Lair:5   | Found a viscous altar of Jiyva.
 14806 | Lair:5   | Found a staircase to the Slime Pits.
 15363 | Lair:6   | Entered Level 6 of the Lair of Beasts
 15539 | Lair:6   | Reached skill level 5 in Invocations
 15681 | Lair:6   | Reached ****** piety under Qazlal
 16048 | Lair:6   | Found a burning altar of Makhleb.
 16186 | Lair:6   | Found a gateway to Hell.
 16656 | Lair:6   | Identified a scroll of acquirement
 16657 | Lair:6   | Acquired 1690 gold pieces
 17619 | D:13     | Reached skill level 16 in Unarmed Combat
 17848 | D:13     | You fall into a shaft and drop 2 floors!
 17848 | D:15     | Entered Level 15 of the Dungeon
 17864 | D:15     | Reached XP level 15. HP: 149/149 MP: 20/20
 18037 | D:15     | Found a glowing golden altar of the Shining One.
 18038 | D:15     | Found a runed translucent door.
 18182 | D:14     | Noticed Frances
 18199 | D:14     | Killed Frances
 18199 | D:14     | Reached skill level 10 in Invocations
 18207 | D:14     | Noticed Agnes
 18218 | D:14     | Killed Agnes
 18230 | D:14     | Reached skill level 1 in Armour
 18354 | D:13     | Cast into level 2 of the Abyss (a wizard)
 18392 | Abyss:2  | Noticed a tentacled starspawn
 18412 | Abyss:2  | Killed a tentacled starspawn
 18538 | Abyss:2  | HP: 11/246 [thrashing horror (6)]
 18539 | Abyss:2  | HP: 3/246 [thrashing horror (10)]
 18541 | Abyss:2  | Slain by a thrashing horror

Illustrated notes

Levels and vault maps discovered:
D:1:      nicolae_arrival_memento_mori, layout_basic
D:2:      layout_loops_ring, minmay_distorted, uniq_robin, uniq_jessica,
          uniq_crazy_yiuf_cottage
D:3:      layout_basic, uniq_purgy
D:4:      layout_loops_ring, minmay_temple_entry_from_below_b, first_ration,
          minmay_misc_feat_encased, uniq_duvessa
D:5:      layout_cave_pools, fountainhead, uniq_sigmund
D:6:      layout_gridville, serial_shops, kennysheep_little_box,
          kennysheep_generic_room_2
D:7:      layout_rooms, basic_altar
D:8:      minmay_clustersquares, layout_layer_cave, zin_angel,
          hangedman_pestilent_swarm
D:9:      layout_roguey, due_lair_maze_entry_diamond, basic_altar
D:10:     layout_irregular_city, basic_altar, hangedman_decor_growths,
          uniq_erolcha, uniq_urug, uniq_sonja
D:11:     layout_basic, zombieorc2_lemuel, uniq_nergalle, uniq_josephine
D:12:     layout_rooms, serial_shops, shop, hangedman_abyss_or_decor_clamps,
          minmay_orc_keep, uniq_jorgrun
D:13:     layout_gridville, david_vaults_1, minmay_sticks_and_stones
D:14:     layout_roguey, nicolae_dithmenos_through_a_glass_darkly, st_stairs_7,
          uniq_frances, uniq_agnes
D:15:     grunt_enter_depths_snipers, layout_irregular_city, lemuel_angel_altar,
          uniq_kirke, uniq_rupert
Temple:   dpeg_three_leaves_temple
Lair:1:   layout_cellular_growth, nicolae_lair_grove_arrangements,
          grunt_forest_large_clearings
Lair:2:   layout_regular_city, chequers_serial_rivers_micro_c, st_stairs_7,
          minivault_19, zaba_antful_of_joy, uniq_gastronok
Lair:3:   layout_concentric_octagons, gammafunk_ghost_icy
Lair:4:   layout_regular_city, elwin_shoals_entry_rooms,
          nicolae_spider_entry_orb_guardian, ebering_ghost_rock_garden,
          beast_lair_carwin_1, serial_bayou_shore_a, grunt_megastairs_5
Lair:5:   layout_cave_pods, dpeg_slime_entry_enclosed_altar,
          chequers_serial_rivers_micro_e
Lair:6:   evil_forest, layout_loops_ring, grunt_megastairs_3,
          infiniplex_staircase_pool, serial_bayou_shore_b
Abyss:2:  base: Lair:6, evilmike_abyss_exit_10

Skill      XL: |  1  2  3  4  5  6  7  8  9 10 11 12 13 14 15 |
---------------+----------------------------------------------+-----
Unarmed Combat | 1 2 3 4 6 7 9 10 11 15 16 | 16.0
Fighting       | 3 7 10 | 10.2
Dodging        | 3 5 8 10 | 10.2
Throwing       | 4 8 10 | 10.0
Invocations    | 8 10 | 10.6
Armour         | 2 |  2.1
Stealth        | |  0.3

Action                   |  1- 3 |  4- 6 |  7- 9 | 10-12 | 13-15 || total
-------------------------+-------+-------+-------+-------+-------++-------
Melee: Unarmed           |    76 |   153 |   287 |   744 |   838 ||  2098
       Punch             |       |     1 |     8 |    49 |    91 ||   149
Throw: Large rock        |       |     3 |     5 |    33 |    45 ||    86
       Throwing net      |       |       |     2 |     1 |       ||     3
       Javelin           |       |       |       |     7 |       ||     7
       Dart              |       |       |       |     2 |       ||     2
  Use: Scroll            |       |       |    14 |    12 |     8 ||    34
       Potion            |       |       |     1 |     2 |     2 ||     5
 Stab: Sleeping          |       |     1 |       |       |       ||     1
       Held in net/web   |       |       |       |     1 |       ||     1
  Eat: Chunk             |    14 |    13 |    27 |    66 |    77 ||   197
       Ration            |       |       |       |       |     1 ||     1
Armor: Robe              |    43 |    43 |   115 |    91 |       ||   292
       Troll leather arm |       |    20 |     3 |   221 |   199 ||   443
       Skin              |       |       |       |   113 |       ||   113
Dodge: Dodged            |    34 |    61 |   125 |   638 |   515 ||  1373
       Repelled          |       |       |       |       |     7 ||     7
Block: Other             |       |       |       |    85 |   238 ||   323
